 Dungeon Crawl Stone Soup version 0.31-a0-818-ge7c7cf74f0 (webtiles) character file.

Game seed: 16375352358813079714

232779 scionoferis the Brawler (level 19, -3/174 HPs)
             Began as a Hill Orc Monk on Sept 22, 2023.
             Was a High Priest of Beogh.
             Killed from afar by a deep elf knight (45 damage)
             ... with a shard of ice
             ... on level 1 of the Elven Halls.
             The game lasted 03:38:25 (43042 turns).

scionoferis the Brawler (Hill Orc Monk)            Turns: 43042, Time: 03:38:25

Health: -3/174     AC: 52    Str: 24    XL:     19   Next: 9%
Magic:  31/32      EV: 12    Int: 14    God:    Beogh [*****.]
Gold:   1823       SH:  0    Dex: 12    Spells: 18/18 levels left

rFire   + .          .
                       - Unarmed
rCold   . . .        (no shield)
rNeg    . . .        Z - +16 crystal plate armour "Lownumup" {SInv}
rPois   +            A - +0 helmet
rElec   .            X - +2 cloak {rCorr}
rCorr   +            g - +1 pair of gloves "Iffac" {rPois Int+4 Dex-3 Stlth+}
SInv    +            v - +0 pair of boots
Will    +....        J - amulet of regeneration Stlth
                     G - +4 ring of protection
HPRegen 1.29/turn    W - ring "Igahil" {Drain rF+ EV+5 Str+4}
MPRegen 0.23/turn

%: no passive effects
@: studying 3 skills
A: walk on water
}: 2/15 runes: decaying, serpentine
a: Renounce Religion, Smiting, Recall Orcish Followers, Give Item to Named
Follower


You were on level 1 of the Elven Halls.
You worshipped Beogh.
Beogh was extremely pleased with you.
You visited 7 branches of the dungeon, and saw 32 of its levels.
You also visited: Ossuary and Ice Cave.

You collected 4018 gold pieces.
You spent 2195 gold pieces at shops.


   Skills:
 + Level 16.6 Fighting
 + Level 14.4 Armour
 - Level 5.0 Dodging
 + Level 19.2 Unarmed Combat
 + Level 18.8 Invocations
 + Level 11.1 Evocations
 + Level 11.3 Shapeshifting


You had 18 spell levels left.
You didn't know any spells.
Your spell library contained the following spells:

 Spells                   Type           Power      Damage    Failure   Level
 Foxfire                  Conj/Fire      0%         2x1d4     100%        1
 Necrotise                Necr           0%         1d4       100%        1
 Slow                     Hex            0%         N/A       100%        1
 Sting                    Tmut/Pois      0%         1d3       100%        1
 Blink                    Tloc           0%         N/A       100%        2
 Cigotuvi's Dreadful Rot  Necr/Pois/Air  0%         N/A       100%        2
 Ensorcelled Hibernation  Hex/Ice        0%         N/A       100%        2
 Jinxbite                 Hex            0%         N/A       100%        2
 Lesser Beckoning         Tloc           0%         N/A       100%        2
 Momentum Strike          Conj/Tloc      0%         3d8       100%        2
 Passwall                 Tmut/Erth      0%         N/A       100%        2
 Poisonous Vapours        Pois/Air       0%         N/A       100%        2
 Sublimation of Blood     Necr           0%         N/A       100%        2
 Wereblood                Tmut           0%         N/A       100%        2
 Confusing Touch          Hex            0%         N/A       100%        3
 Gell's Gravitas          Tloc           0%         N/A       100%        3
 Hailstorm                Conj/Ice       0%         3d3       100%        3
 Ignite Poison            Fire/Tmut/Pois 0%         N/A       100%        3
 Inner Flame              Hex/Fire       0%         N/A       100%        3
 Mephitic Cloud           Conj/Pois/Air  0%         N/A       100%        3
 Sigil of Binding         Hex            0%         N/A       100%        3
 Swiftness                Air            0%         N/A       100%        3
 Teleport Other           Tloc           0%         N/A       100%        3
 Vampiric Draining        Necr           0%         2d6       100%        3
 Anguish                  Hex/Necr       0%         N/A       100%        4
 Cause Fear               Hex            0%         N/A       100%        4
 Dispel Undead            Necr           0%         3d6       100%        4
 Flame Wave               Conj/Fire      0%         2d4       100%        4
 Passage of Golubria      Tloc           0%         N/A       100%        4
 Petrify                  Tmut/Erth      0%         N/A       100%        4
 Sticky Flame             Conj/Fire      0%         2d3       100%        4
 Summon Ice Beast         Ice/Summ       0%         N/A       100%        4
 Vhi's Electric Charge    Tloc/Air       0%         N/A       100%        4
 Agony                    Necr           0%         N/A       100%        5
 Alistair's Intoxication  Tmut/Pois      0%         N/A       100%        5
 Arcjolt                  Conj/Air       0%         1d10      100%        5
 Fireball                 Conj/Fire      0%         3d3       100%        5
 Freezing Cloud           Conj/Ice/Air   0%         6-21      100%        5
 Irradiate                Conj/Tmut      0%         3d11      100%        5
 Iskenderun's Battlesphe  Conj           0%         2d6       100%        5
 Silence                  Hex/Air        0%         N/A       100%        5
 Bombard                  Conj/Erth      0%         9d1       100%        6
 Death Channel            Necr           0%         N/A       100%        6
 Plasma Beam              Fire/Air       0%         2x1d10    100%        6
 Simulacrum               Ice/Necr       0%         N/A       100%        6
 Starburst                Conj/Fire      0%         6d3       100%        6
 Haunt                    Necr/Summ      0%         N/A       100%        7
 Spellforged Servitor     Conj/Summ      0%         N/A       100%        7
 Borgnjor's Revivificati  Necr           0%         N/A       100%        8
 Ignition                 Fire           0%         3d3       100%        8
 Lehudib's Crystal Spear  Conj/Erth      0%         10d2      100%        8
 Maxwell's Capacitive Co  Air            0%         ∞         100%        8
 Death's Door             Necr           0%         N/A       100%        9
 Dragon's Call            Summ           0%         N/A       100%        9

Inventory:

Missiles
 f - 7 darts of dispersal
 q - 30 poisoned darts (quivered)
 E - 2 throwing nets
 H - 9 curare-tipped darts
Armour
 g - the +1 pair of gloves "Iffac" (worn) {rPois Int+4 Dex-3 Stlth+}
   (You acquired it on level 11 of the Dungeon)

   Int+4:     It affects your intelligence (+4).
   Dex-3:     It affects your dexterity (-3).
   rPois:     It protects you from poison Stlth+: It makes you more stealthy.
 v - a +0 pair of boots (worn)
   (You found it on level 4 of the Dungeon)
 A - a +0 helmet (worn)
   (You found it on level 4 of the Dungeon)
 X - a +2 cloak of preservation (worn)
   (You took it off Nikola on level 3 of the Snake Pit)
 Z - the +16 crystal plate armour "Lownumup" (worn) {SInv}
   (You found it on level 5 of the Lair of Beasts)

   SInv:      It lets you see invisible.
Jewellery
 b - a ring of protection from fire
   (You bought it in a shop on level 4 of the Dungeon)
 e - a ring of protection from cold
   (You found it on level 3 of the Swamp)
 k - a ring of poison resistance
   (You found it on level 1 of the Elven Halls)
 m - a ring of positive energy
   (You found it on level 12 of the Dungeon)
 G - a +4 ring of protection (left hand)
   (You found it on level 1 of the Swamp)
 J - an amulet of regeneration (around neck)
   (You found it on level 6 of the Dungeon)
 W - the ring "Igahil" (right hand) {Drain rF+ EV+5 Str+4}
   (You found it on level 3 of the Snake Pit)

   [ring of evasion]

   EV+5:      It affects your evasion (+5).
   Str+4:     It affects your strength (+4).
   rF+:       It protects you from fire.
   Drain:     It drains your maximum health when unequipped.
Talismans
 y - a blade talisman
   (You bought it in a shop on level 4 of the Dungeon)
Wands
 u - a wand of light (21)
   (You found it on level 2 of the Lair of Beasts)
 w - a wand of paralysis (14)
   (You found it on level 12 of the Dungeon)
 B - a wand of mindburst (9)
   (You found it on level 3 of the Swamp)
 D - a wand of roots (18)
   (You found it on level 5 of the Dungeon)
 S - a wand of digging (12)
   (You found it on level 11 of the Dungeon)
Scrolls
 c - 5 scrolls of revelation
 i - 5 scrolls of fear
 p - 4 scrolls of blinking
 t - 9 scrolls of teleportation
 z - 5 scrolls of silence
 C - 3 scrolls of summoning
 I - 4 scrolls of vulnerability
 O - a scroll of immolation
 Q - 3 scrolls of fog
Potions
 a - 12 potions of curing
 d - 3 potions of berserk rage
 h - 7 potions of enlightenment
 j - a potion of resistance
 l - 3 potions of attraction
 n - 7 potions of heal wounds
 o - 4 potions of magic
 r - 6 potions of might
 s - 5 potions of invisibility
 x - 8 potions of haste
 P - 8 potions of mutation
 V - 5 potions of ambrosia
Miscellaneous
 K - a phantom mirror
   (You found it on level 1 of the Swamp)

Dungeon Overview and Level Annotations

Branches:
Dungeon (15/15)            Temple (1/1) D:4            Lair (5/5) D:11
  Swamp (4/4) Lair:2        Snake (4/4) Lair:2        Slime (0/5) Lair:4
    Orc (2/2) D:10            Elf (1/3) Orc:2        Vaults (0/5) D:14
 Depths (0/4) D:15        Ossuary (visited)           IceCv (visited)

Altars:
Ashenzari
Cheibriados
Dithmenos
Elyvilon
Fedhas
Gozag
Hepliaklqana
Kikubaaqudgha
Makhleb
Nemelex Xobeh
Okawaru
Qazlal
Ru
Sif Muna
Trog
Uskayaw
Vehumet
Wu Jian
Xom
Yredelemnul
Zin
The Shining One
Beogh
Jiyva

Shops:
D:4 =[   D:10 (!   Orc:2 *[(:   Elf:1 *?*

Annotations:
Orc:2 Blork the orc

.# #............***,***** .#
*#####.#.....#..,**,,,,,,,, .#
#..........∩##*.***,,*,,**, .#
#.#........## *,*,,,,,,,,,, .#
#.#....#.#.# *,,,#***,**** ##
#.#..###.#.# *#+#E#,,,,,,,* ###
#........#.#*#....#,,,,,,,* ..#
*##..#####o##....G#,,,,,,,* #.#
##......o@#H°.....,,,8,,,,
#.######.....####eE°.ee.#,,,,,,,*
(...............☼Eee....#,,,,,,,*
#[####.......####e......#,,,,,,,*
..# #.........# ##......#***,****
### #.........# *#......,,,,,,,,
#.........# *#...##***,,,,,
##.......## *#+## ***,**
##......# *,* *,*


You could see a deep elf knight (fast, invisible), an earth elemental, 4 deep
elf pyromancers, a deep elf zephyrmancer, a fire elemental (summoned), the
friendly Arbeogh the orc knight and the friendly Bogmar the orc knight.


Message History

You hit the naga warrior.
The naga warrior is lightly wounded.
Arbeogh completely misses the naga sharpshooter.
The naga sharpshooter hits your orc warrior with a +0 war axe!!
Your orc warrior dies!
The naga sharpshooter hits Arbeogh with a +0 war axe.
Unknown command.
You pummel the naga ritualist!!
The naga ritualist is severely wounded.
You feel sick.
Your orc knight hits the naga warrior from afar with a +0 trident!
The naga warrior roars a battlecry!
Unknown command.
You hit the naga ritualist but do no damage.
The naga ritualist is severely wounded.
Arbeogh hits the naga sharpshooter from afar with a +1 halberd!
Your orc knight hits the naga warrior from afar with a +0 trident!!
Unknown command.
The naga warrior blocks your attack.
The naga warrior is heavily wounded.
You feel sick.
The naga warrior hits you with a +0 short sword!
The naga warrior grabs you. The naga warrior constricts you.
Arbeogh hits the naga sharpshooter from afar with a +1 halberd!!
Unknown command.
You pummel the naga sharpshooter!!
The naga sharpshooter is almost dead.
You feel sick.
Your orc knight roars a battlecry!
Arbeogh goes into a battle-frenzy!
You hear a shout!
Unknown command.
You closely miss the naga sharpshooter.
The naga sharpshooter is almost dead.
You hear a shout!
The naga warrior spits poison at you.
The splash of poison hits you but does no damage.
You are more poisoned.
You resist. The naga warrior constricts you.
Arbeogh hits the naga sharpshooter from afar with a +1 halberd!!
The naga sharpshooter dies!
Beogh accepts your kill. The naga spits poison at you.
The splash of poison hits you but does no damage.
You resist.
Your orc knight hits the naga warrior from afar with a +0 trident!!
You hear a shout!
You catch the helpless naga warrior completely off-guard!
You pummel the naga warrior!!
You kill the naga warrior!
Beogh accepts your kill.
You feel sick.
The guardian serpent casts a spell at you.
The salamander blinks!
The naga blinks!
The naga ritualist invokes the aid of its god against you.
You resist with some effort.
Arbeogh barely misses the naga.
You barely miss the naga ritualist.
The naga ritualist is severely wounded.
You feel sick.
The salamander hits you but does no damage.
Your orc knight hits the naga ritualist from afar with a +0 trident!!
The naga ritualist dies!
Beogh accepts your kill.
Beogh appreciates your killing of a heretic priest.
The nagaraja spits poison at you.
The splash of poison hits you but does no damage.
You resist.
Unknown command.
You punch the nagaraja!
The nagaraja is lightly wounded.
You feel sick.
Arbeogh hits the naga with a +1 halberd!!
The naga dies!
Beogh accepts your kill.
The salamander hits you but does no damage.
Your orc knight hits the salamander with a +0 trident!!
You hit the nagaraja.
The nagaraja is moderately wounded.
The black mamba bites you but does no damage.
The nagaraja hits you but does no damage.
The nagaraja barely misses you.
The guardian serpent casts a spell at you.
The naga blinks into view!
Arbeogh hits the nagaraja from afar with a +1 halberd!
The black mamba bites you but does no damage.
You hear a shout!
You punch the nagaraja!
The nagaraja is heavily wounded.
You feel sick. The salamander hits your orc knight!
Your orc knight is engulfed in flames!
Your orc knight hits the salamander with a +0 trident!!
The nagaraja casts a spell at you.
You feel firmly anchored in space. The naga barely misses you.
The naga grabs you. The naga constricts you. The black mamba barely misses you.
You hit the nagaraja but do no damage.
The nagaraja is heavily wounded.
You feel sick.
The black mamba bites you but does no damage.
Arbeogh hits the nagaraja from afar with a +1 halberd!
The salamander hits your orc knight but does no damage.
Unknown command.
You barely miss the nagaraja.
The nagaraja is severely wounded.
Your orc knight hits the salamander with a +0 trident!!
The salamander dies!
Beogh accepts your kill. The nagaraja spits poison at you.
The splash of poison hits you but does no damage.
You resist.
The black mamba bites you but does no damage.
The naga spits poison at you. The splash of poison misses you.
The naga constricts you.
A splash of poison appears from out of your range of vision.
The splash of poison hits Arbeogh but does no damage.
Arbeogh is poisoned.
You pummel the nagaraja!!
You kill the nagaraja!
Beogh accepts your kill.
You feel sick.
The naga no longer looks unusually strong.
The black mamba bites you but does no damage.
Your orc knight hits the naga from afar with a +0 trident!
The naga closely misses you. The naga constricts you.
You closely miss the black mamba.
You feel sick. The black mamba barely misses you.
Arbeogh hits something from afar with a +1 halberd!!
Your orc knight hits the naga from afar with a +0 trident!
You punch the black mamba! You punch the black mamba.
The black mamba is moderately wounded.
The black mamba barely misses you. The naga completely misses you.
The naga constricts you. The black mamba barely misses you.
Arbeogh hits something from afar with a +1 halberd!!
Beogh accepts your kill.
You feel a bit more experienced.
You pummel the black mamba!!
You kill the black mamba!
Beogh accepts your kill.
You feel sick.
You are no longer poisoned.
You hear a shout!
Your orc knight throws a boomerang.
The boomerang hits the naga!
The naga dies!
Beogh accepts your kill.
Beogh blesses Bogmar with healing.
You feel your strength returning.
The naga mage shouts!
You hear a shout!
The guardian serpent closely misses you.
The naga mage hits you but does no damage.
The naga warrior spits poison at you. The splash of poison misses you.
Arbeogh hits the naga warrior from afar with a +1 halberd!!!
Items here: )))) [[[[ ÷ †††.
You completely miss the guardian serpent.
The guardian serpent closely misses you.
The naga mage hits you but does no damage.
Arbeogh hits the naga warrior from afar with a +1 halberd!!
The naga warrior barely misses you. The naga warrior completely misses you.
Bogmar hits the guardian serpent from afar with a +0 trident!!
Unknown command.
You closely miss the guardian serpent.
The guardian serpent is severely wounded.
The guardian serpent misses you.
The naga mage points at you and mumbles some strange words.
The bolt of poison hits the naga warrior!
The naga warrior dies!
The bolt of poison misses you.
A nagaraja comes into view. It is wielding a +0 spear.
Arbeogh hits the guardian serpent with a +1 halberd!
You punch the guardian serpent!
You kill the guardian serpent!
Beogh accepts your kill.
The naga mage no longer looks unusually toxic.
The naga mage misses you.
Unknown command.
Arbeogh looks more healthy.
The naga mage barely misses you. The naga mage grabs you.
The naga mage constricts you.
Things that are here:
a +0 short sword; a +0 kite shield; a naga corpse You closely miss the naga mage.
Arbeogh hits the naga mage from afar with a +1 halberd!!
Bogmar hits the naga mage from afar with a +0 trident!!
The naga mage dies!
Beogh accepts your kill.
The naga warrior shouts!
The naga sharpshooter shouts!
Bogmar no longer looks unusually strong.
The nagaraja hits you but does no damage.
Arbeogh roars a battlecry!
Bogmar goes into a battle-frenzy!
Bogmar throws a boomerang.
The boomerang hits the nagaraja!
Items here: )) ††.
The nagaraja spits poison at you. The splash of poison misses you.
You see here a +0 whip.
You barely miss the nagaraja.
The nagaraja is lightly wounded.
The nagaraja gestures wildly while chanting.
The nagaraja seems to speed up.
Arbeogh hits the nagaraja from afar with a +1 halberd!!
You closely miss the nagaraja.
You punch the nagaraja, but do no damage.
The nagaraja is heavily wounded.
The nagaraja hits you but does no damage.
The nagaraja grabs you. The nagaraja constricts you.
You punch the nagaraja!
The nagaraja is severely wounded.
The nagaraja gestures at you while chanting.
The poison arrow hits you but does no damage.
You are poisoned.
The nagaraja constricts you.
Arbeogh hits the nagaraja from afar with a +1 halberd!
You pummel the nagaraja!!
You kill the nagaraja!
Beogh accepts your kill.
You feel sick.
The naga sharpshooter gestures wildly while chanting.
The naga sharpshooter magically shoots a bolt.
The bolt closely misses you.
Your Evocations skill increases to level 11!
You hit the naga warrior.
The naga warrior is lightly wounded.
You feel sick.
The naga warrior blocks Arbeogh's attack.
Bogmar hits the naga warrior from afar with a +0 trident!
The naga warrior blocks your attack.
You punch the naga warrior, but do no damage.
The naga warrior is moderately wounded.
Arbeogh no longer looks unusually strong.
The naga sharpshooter mumbles some strange words.
Arbeogh hits the naga warrior from afar with a +1 halberd!!
You punch the naga warrior!
The naga warrior is severely wounded.
You feel sick. The naga warrior closely misses you. The naga warrior grabs you.
The naga warrior constricts you.
Bogmar throws a boomerang.
The naga warrior blocks the boomerang.
You pummel the naga warrior!!
The naga warrior is almost dead.
You feel sick.
The naga sharpshooter casts a spell.
The naga sharpshooter magically shoots a bolt.
The bolt hits you but does no damage.
Arbeogh hits the naga warrior from afar with a +1 halberd!!
The naga warrior dies!
Beogh accepts your kill.
Arbeogh looks more experienced.
Press: ? - help, v - describe, . - travel
Here: Bogmar the orc knight, wielding a +0 trident, wearing a +0 plate armour and quivering boomerangs (strong, friendly)
The floor, spattered with blood.
Unknown command.
You feel sick.
The naga sharpshooter casts a spell.
The naga sharpshooter magically shoots a bolt.
The bolt hits you!
Items here: )) [[ ÷ ††.
You pummel the naga sharpshooter!!
The naga sharpshooter is moderately wounded.
You feel sick.
The naga sharpshooter spits poison at you.
The splash of poison hits you. You resist.
You pummel the naga sharpshooter!!
The naga sharpshooter is heavily wounded.
You punch the naga sharpshooter!
The naga sharpshooter is severely wounded.
You feel sick.
The naga sharpshooter unwields a +0 arbalest.
The naga sharpshooter wields a +0 flail of protection.
The naga sharpshooter hits you with a +0 flail of protection.
The naga sharpshooter grabs you. The naga sharpshooter constricts you.
You hit the naga sharpshooter but do no damage.
The naga sharpshooter is severely wounded.
You feel sick.
You are no longer poisoned.
You hit the naga sharpshooter.
The naga sharpshooter is severely wounded.
The naga sharpshooter unwields a +0 flail of protection.
The naga sharpshooter wields a +0 arbalest.
The naga sharpshooter shoots a bolt.
The bolt hits you but does no damage. The naga sharpshooter constricts you.
Arbeogh hits the naga sharpshooter from afar with a +1 halberd!!
The naga sharpshooter dies!
Beogh accepts your kill.
You have reached level 19!
You start resting.
You are no longer firmly anchored in space.
You start resting.
Bogmar no longer looks unusually strong.
HP restored.
Found a scroll of vulnerability.
Things that are here:
a +0 arbalest; a +0 flail of protection; a +0 robe
R - a scroll of enchant weapon
I - 4 scrolls of vulnerability (gained 1)
Found a wand of digging (8).
Found a +0 whip.
Found a serpentine rune of Zot.
S - a wand of digging (12) (gained 8 charges)
You pick up the serpentine rune and feel its power.
You now have 2 runes.
Press } to see all the runes you have collected.
Unknown command.
There is a fountain of clear blue water here.
Things that are here:
a +0 dagger; a +0 leather armour You now have 1636 gold pieces (gained 54).
Items here: )) [ ÷.
You now have 1674 gold pieces (gained 38).
Items here: ))) [.
Things that are here:
a +0 dagger; a +0 robe You now have 1687 gold pieces (gained 13).
Items here: )))) [[ ÷÷.
You now have 1782 gold pieces (gained 95).
Items here: )) [ ÷÷.
Okay, then.
Y - a +4 halberd of protection
Things that are here:
a +0 short sword; a +0 kite shield; a naga corpse
Items here: )))) [[[[ ÷ †††.
You see here a +0 shortbow of flaming.
T - a +0 shortbow of flaming You drop a +0 shortbow of flaming.
You see here a +0 hand axe.
Items here: )) [[.
Things that are here:
a +0 shortbow; a +0 dire flail You see here a +0 scimitar.
Things that are here:
a +0 whip; a +0 robe; a naga corpse You now have 1808 gold pieces (gained 26).
You see here a +0 flail.
You swap places.
You see here a +0 war axe.
You swap places.
You swap places.
Things that are here:
a +0 whip; a +0 robe; a naga skeleton You see here a +0 spear.
You see here a +0 trident.
Things that are here:
a +0 hand axe; a +0 robe You see here a +0 club.
You see here a +3 halberd.
You swap places.
You swap places.
You see here a +0 club.
You open the door.
There is an open door here.
You open the door.
There is an open door here.
You now have 1823 gold pieces (gained 15).
You swap places.
There is an open door here.
You swap places.
Found a stone staircase leading up.
You open the door.
There is an open door here.
Things that are here:
a +1 arbalest of freezing; a +0 glaive You swap places.
You swap places.
Done exploring.
Done exploring.
Search for what [Enter for "scrol", or ? for help]? polearm Search for what [Enter for "polearm", or ? for help]? shield
There is an open door here.
There is a stone staircase leading up here.
You climb upwards.
There is a stone staircase leading down here.
There is a stone staircase leading up here.
You climb upwards.
There is a stone staircase leading down here.
There is a stone staircase leading up here.
You climb upwards.
There is a stone staircase leading down here.
Things that are here:
a +1 tower shield of fire resistance; a +0 flail
T - a +1 tower shield of fire resistance
Press: ? - help, v - describe, . - travel
Here: Bogmar the orc knight, wielding a +0 trident, wearing a +0 plate armour and quivering boomerangs (friendly)
The floor.
Unknown command.
Select a follower to give a gift to.
Press: ? - help, Dir - move target, f - Bogmar
Aim: Bogmar the orc knight, wielding a +0 trident, wearing a +0 plate armour and quivering boomerangs (friendly)
The floor.
Bogmar wears a +1 tower shield of fire resistance.
Things that are here:
a +0 robe; a +0 halberd
There is an open door here.
There is an open door here.
You open the door.
There is an open door, spattered with blood here.
Things that are here:
a +0 robe; a +0 flail You see here a +4 trident.
Done exploring.
There is a stone staircase leading down, spattered with blood here.
You climb downwards.
There is a stone staircase leading up, spattered with blood here.
Done exploring.
Things that are here:
a +0 robe; a +0 glaive
There is a stone staircase leading down here.
You climb downwards.
There is a stone staircase leading up here.
Done exploring.
Search for what [Enter for "shield", or ? for help]?
Okay, then.
Unknown command.
Search for what [Enter for "shield", or ? for help]? snake Unknown command.
What level of the Orcish Mines? (default 1, ? - help)
You climb upwards.
There is a stone staircase leading down here.
There is a stone staircase leading down here.
There is a stone staircase leading up here.
You climb upwards.
There is a stone staircase leading down here.
You swap places.
Things that are here:
a +0 robe; a +0 halberd
There is a staircase back to the Lair here.
You climb upwards.
Welcome back to the Lair of Beasts!
There is a staircase to the Snake Pit, spattered with blood here.
There is a stone staircase leading up here.
You climb upwards.
There is a stone staircase leading down here.
There is a staircase back to the Dungeon, spattered with blood here.
You climb upwards.
Welcome back to the Dungeon!
There is a staircase to the Lair, spattered with blood here.
There is a stone staircase leading up here.
You climb upwards.
There is a stone staircase leading down here.
Things that are here:
a +0 leather armour; a +0 short sword of draining
There is a staircase to the Orcish Mines here.
You climb downwards.
Welcome back to the Orcish Mines!
There is a staircase back to the Dungeon here.
Things that are here:
a +0 leather armour; a +0 club
There is a stone staircase leading down, spattered with blood here.
You climb downwards.
Level annotation: Blork the orc
There is a stone staircase leading up, spattered with blood here.
You see here a +0 giant club.
Things that are here:
a +0 chain mail; a +0 flail; a +0 orcbow
Things that are here:
a +2 robe of cold resistance; a +0 dagger
M - 5 boomerangs (gained 1)
Things that are here:
a +0 club; a +0 dagger
Things that are here:
a +0 plate armour; a +0 dire flail
Things that are here:
a +0 leather armour; a +0 dagger; a +0 long sword You see here a +0 whip.
M - 8 boomerangs (gained 3)
Things that are here:
a +0 flail; a +0 plate armour You swap places.
Items here: )) [[.
Things that are here:
a +0 plate armour; a +0 glaive; a +0 orcbow
Things that are here:
a +0 robe; a +0 dagger You see here a +0 club.
M - 10 boomerangs (gained 2)
You see here a +0 club.
Done exploring.
Search for what [Enter for "snake", or ? for help]? throw You swap places.
Things that are here:
a +0 robe; a +0 dagger
There is a stone staircase leading up here.
You climb upwards.
There is a stone staircase leading down here.
You swap places.
M - 11 boomerangs (gained 1)
You see here a +0 whip.
Done exploring.
Search for what [Enter for "throw", or ? for help]?
Things that are here:
a +0 giant spiked club; a +0 giant club
There is a staircase back to the Dungeon here.
You climb upwards.
Welcome back to the Dungeon!
There is a staircase to the Orcish Mines here.
There is a stone staircase leading down here.
You climb downwards.
There is a stone staircase leading up here.
There is a staircase to the Lair, spattered with blood here.
Items here: !! % (( // ====== ???????? [[[[[ |.
M - 20 boomerangs (gained 9);
T - 4 javelins Search for what [Enter for "throw", or ? for help]?
You swap places.
There is a staircase to the Lair, spattered with blood here.
You climb downwards.
Welcome back to the Lair of Beasts!
There is a staircase back to the Dungeon, spattered with blood here.
There is a stone staircase leading down, spattered with blood here.
You climb downwards.
There is a stone staircase leading up, spattered with blood here.
You swap places.
There is a staircase to the Swamp here.
You climb downwards.
Welcome back to the Swamp!
This branch is noisy: sounds don't travel as far here.
There is a staircase back to the Lair here.
You swap places.
There is a stone staircase leading down, spattered with blood here.
You climb downwards.
There is a stone staircase leading up, spattered with blood here.
You see here the +1 hand axe of Uncertain Death {speed, *Rage *Corrode rElec rN+++}.
There is a stone staircase leading down here.
You climb downwards.
There is a stone staircase leading up here.
There is a stone staircase leading down, spattered with blood here.
Things that are here:
a +0 chain mail; 4 silver javelins; a +0 glaive You can't carry that many items.
Search for what [Enter for "throw", or ? for help]?
There is a stone staircase leading down, spattered with blood here.
You climb downwards.
There is a stone staircase leading up, spattered with blood here.
Things that are here:
a +0 plate armour; a +0 war axe
Things that are here:
a +0 plate armour; a +0 flail
M - 23 boomerangs (gained 3)
Things that are here:
a +0 chain mail of fire resistance; a +2 dagger of electrocution
M - 25 boomerangs (gained 2)
Things that are here:
a +0 chain mail; a +0 flail Done exploring.
Done exploring.
Search for what [Enter for "throw", or ? for help]?
What level of the Dungeon? (default 11, ? - help)
Things that are here:
a +0 leather armour; a +0 short sword
There is a stone staircase leading up here.
You climb upwards.
There is a stone staircase leading down here.
There is a stone staircase leading up here.
You climb upwards.
There is a stone staircase leading down here.
You see here the +1 hand axe of Uncertain Death {speed, *Rage *Corrode rElec rN+++}.
There is a stone staircase leading up, spattered with blood here.
You climb upwards.
There is a stone staircase leading down, spattered with blood here.
You swap places.
You swap places.
There is a staircase back to the Lair here.
You climb upwards.
Welcome back to the Lair of Beasts!
There is a staircase to the Swamp here.
There is a stone staircase leading up, spattered with blood here.
You climb upwards.
There is a stone staircase leading down, spattered with blood here.
There is a staircase back to the Dungeon, spattered with blood here.
You climb upwards.
Welcome back to the Dungeon!
There is a staircase to the Lair, spattered with blood here.
Items here: !! % // ====== ???????? [[[[[ |.
Okay, then.
You drop a potion of brilliance.
You drop the amulet of Nemelex Xobeh's Wrath {Faith rCorr Stlth+}.
You drop 25 boomerangs.
You drop a scroll of enchant armour.
You drop a scroll of enchant weapon.
You drop 4 javelins.
You drop a wand of flame (10).
You drop a +4 halberd of protection.
Unknown command.
You drop a scroll of acquirement.
Unknown command.
Search for what [Enter for "throw", or ? for help]? throw
Items here: !! " % (( ) /// ====== ???????? [[[[[ |.
There is a staircase to the Lair, spattered with blood here.
You climb downwards.
Welcome back to the Lair of Beasts!
There is a staircase back to the Dungeon, spattered with blood here.
There is a stone staircase leading down, spattered with blood here.
You climb downwards.
There is a stone staircase leading up, spattered with blood here.
There is a staircase to the Swamp here.
You climb downwards.
Welcome back to the Swamp!
This branch is noisy: sounds don't travel as far here.
There is a staircase back to the Lair here.
You swap places.
You swap places.
There is a stone staircase leading down, spattered with blood here.
You climb downwards.
There is a stone staircase leading up, spattered with blood here.
You see here the +1 hand axe of Uncertain Death {speed, *Rage *Corrode rElec rN+++}.
There is a stone staircase leading down here.
You climb downwards.
There is a stone staircase leading up here.
There is a stone staircase leading down, spattered with blood here.
Things that are here:
a +0 chain mail; 4 silver javelins; a +0 glaive
k - 4 silver javelins What level of the Dungeon? (default 11, ? - help)
There is a stone staircase leading down, spattered with blood here.
There is a stone staircase leading up here.
You climb upwards.
There is a stone staircase leading down here.
You see here the +1 hand axe of Uncertain Death {speed, *Rage *Corrode rElec rN+++}.
There is a stone staircase leading up, spattered with blood here.
You climb upwards.
There is a stone staircase leading down, spattered with blood here.
You swap places.
You swap places.
There is a staircase back to the Lair here.
You climb upwards.
Welcome back to the Lair of Beasts!
There is a staircase to the Swamp here.
There is a stone staircase leading up, spattered with blood here.
You climb upwards.
There is a stone staircase leading down, spattered with blood here.
There is a staircase back to the Dungeon, spattered with blood here.
You climb upwards.
Welcome back to the Dungeon!
There is a staircase to the Lair, spattered with blood here.
Items here: !! " % (( ) /// ====== ???????? [[[[[ |.
You drop 4 silver javelins.
Unknown command.
Search for what [Enter for "throw", or ? for help]? relec Unknown command.
Search for what [Enter for "relec", or ? for help]? hall
There is a stone staircase leading up here.
You climb upwards.
There is a stone staircase leading down here.
Things that are here:
a +0 leather armour; a +0 short sword of draining
There is a staircase to the Orcish Mines here.
You climb downwards.
Welcome back to the Orcish Mines!
There is a staircase back to the Dungeon here.
There is a stone staircase leading down here.
You climb downwards.
Level annotation: Blork the orc
There is a stone staircase leading up here.
There is a staircase to the Elven Halls here.
You climb downwards.
Welcome to the Elven Halls!
You hear the crackle of arcane power.
There is an entrance to a wizard's laboratory on this level!
Hurry and find it before the portal closes forever!
The deep elf pyromancer shouts!
The deep elf zephyrmancer shouts!
You hear a shout! x2
Found a wand of mindburst (5).
There is a staircase back to the Mines here.
The deep elf zephyrmancer shouts!
The deep elf pyromancer shouts!
The deep elf zephyrmancer shouts!
You open the door. You hit the water elemental.
The water elemental is lightly damaged.
You pummel the water elemental!!
The water elemental is severely damaged.
The water elemental misses you.
You hit the water elemental. You punch the water elemental!
You destroy the water elemental!
Beogh accepts your kill.
You punch the deep elf pyromancer!
The deep elf pyromancer is moderately wounded.
You hit the deep elf pyromancer.
The deep elf pyromancer is moderately wounded.
The deep elf pyromancer hits you but does no damage.
You hit the deep elf pyromancer but do no damage.
The deep elf pyromancer is moderately wounded.
You closely miss the deep elf pyromancer.
The deep elf pyromancer is moderately wounded.
The deep elf pyromancer points at you and mumbles some strange words.
The sticky flame hits you but does no damage.
You are covered in liquid flames!
You hit the deep elf pyromancer. You punch the deep elf pyromancer!
The deep elf pyromancer is severely wounded.
You are covered in liquid flames!
The deep elf pyromancer points at you and mumbles some strange words.
The sticky flame hits you but does no damage.
You are covered in liquid flames!
You barely miss the deep elf pyromancer.
The deep elf pyromancer is severely wounded.
You are covered in liquid flames!
You hit the deep elf pyromancer but do no damage.
The deep elf pyromancer is severely wounded.
You are covered in liquid flames!
The deep elf pyromancer gestures wildly while chanting.
The deep elf pyromancer blinks!
The deep elf pyromancer points at you and mumbles some strange words.
The sticky flame hits you but does no damage.
You are covered in liquid flames!
You hit the deep elf pyromancer but do no damage.
The deep elf pyromancer is severely wounded.
You are covered in liquid flames!
The deep elf zephyrmancer casts a spell.
The deep elf zephyrmancer blinks!
You hit the deep elf pyromancer but do no damage.
The deep elf pyromancer is severely wounded.
You are covered in liquid flames!
You closely miss the deep elf pyromancer.
The deep elf pyromancer is severely wounded.
You are covered in liquid flames!
The deep elf pyromancer casts a spell.
The deep elf pyromancer blinks!
You punch the deep elf zephyrmancer!
The deep elf zephyrmancer is moderately wounded.
You are covered in liquid flames!
The deep elf zephyrmancer gestures at you while chanting.
The bolt of lightning hits the deep elf zephyrmancer!!
The deep elf zephyrmancer dies!
The bolt of lightning hits you but does no damage.
The bolt of lightning misses you.
You are covered in liquid flames!
You are no longer on fire.
The deep elf zephyrmancer mumbles some strange words.
The deep elf zephyrmancer blinks!
The deep elf pyromancer casts a spell.
The deep elf pyromancer blinks!
There is an open door, spattered with blood here.
Things that are here:
a +0 short sword; a +0 leather armour of poison resistance You pummel the deep elf pyromancer!!
You kill the deep elf pyromancer!
Beogh accepts your kill.
The deep elf zephyrmancer hits you but does no damage.
The deep elf pyromancer hits you but does no damage.
You pummel the deep elf zephyrmancer!! You punch the deep elf zephyrmancer!
The deep elf zephyrmancer is severely wounded.
The deep elf zephyrmancer hits you with a +0 long sword.
You hit the deep elf pyromancer but do no damage.
You punch the deep elf pyromancer!
The deep elf pyromancer is moderately wounded.
The deep elf zephyrmancer barely misses you.
The deep elf pyromancer hits you but does no damage.
You hit the deep elf pyromancer.
The deep elf pyromancer is moderately wounded.
You closely miss the deep elf pyromancer.
You punch the deep elf pyromancer.
The deep elf pyromancer is heavily wounded.
The deep elf zephyrmancer hits you but does no damage. x2
The deep elf pyromancer closely misses you.
You beat the deep elf pyromancer into a bloody pulp!!!
You kill the deep elf pyromancer!
Beogh accepts your kill.
The deep elf zephyrmancer closely misses you.
The deep elf zephyrmancer points at you and mumbles some strange words.
The bolt of lightning hits you! The bolt of lightning misses you.
The bolt of lightning hits the deep elf zephyrmancer!!
You pummel the deep elf zephyrmancer!!
You kill the deep elf zephyrmancer!
Beogh accepts your kill.
You closely miss the deep elf zephyrmancer.
The deep elf zephyrmancer is severely wounded.
The deep elf zephyrmancer hits you but does no damage.
You miss the deep elf zephyrmancer.
The deep elf zephyrmancer is severely wounded.
You pummel the deep elf zephyrmancer!!
You kill the deep elf zephyrmancer!
Beogh accepts your kill.
Things that are here:
a +0 short sword; an elf corpse
B - a wand of mindburst (9) (gained 5 charges)
As you read the scroll of revelation, it crumbles to dust.
You feel aware of your surroundings.
You sensed 10 shops/portals.
Found a book of Debilitation.
Unknown command.
You open the door.
There is an open door here.
You see here a book of Debilitation.
You hit the +2 heavy long sword but do no damage.
The +2 heavy long sword hits you!
You pummel the +2 heavy long sword!!
The +2 heavy long sword is almost destroyed.
The +2 heavy long sword hits you but does no damage.
You pummel the +2 heavy long sword!!
The +2 heavy long sword falls from the air.
Beogh accepts your kill.
You barely miss the +5 dire flail of protection.
Your punch misses the +5 dire flail of protection.
The +5 dire flail of protection hits you!
You pound the +5 dire flail of protection into fine dust!!!
The +5 dire flail of protection falls from the air.
Beogh accepts your kill.
Things that are here:
a +5 dire flail of protection; a +2 heavy long sword You hear the stately crackle of a very distant magical portal.
Found a sling.
Found Jeruaf's General Store.
There is an entrance to Jeruaf's General Store here.
Unknown command.
Found a short sword.
You see here a +0 short sword.
Found a granite ring.
Found a scale mail.
k - a ring of poison resistance You see here 4 stones.
Found Buawnudyce's General Store.
Found a scroll of silence.
You hear the stately crackle of a magical portal nearby.
Found Yler's Magic Scroll Boutique.
Found a hat.
There is an entrance to Buawnudyce's General Store here.
z - 5 scrolls of silence (gained 1)
There is an entrance to Yler's Magic Scroll Boutique here.
Unknown command.
You see here a +0 hat.
There is an entrance to Yler's Magic Scroll Boutique here.
A deep elf archer comes into view.
It is wielding a +2 short sword of electrocution.
The deep elf archer shouts!
You hear a shout! x2
A deep elf pyromancer comes into view. It is wielding a +0 long sword.
A deep elf zephyrmancer comes into view.
It is wielding a +0 dagger.
The deep elf pyromancer shouts!
You hear a shout!
The deep elf archer unwields a +2 short sword of electrocution.
It stops crackling.
The deep elf archer wields a +0 longbow.
The deep elf archer shoots an arrow.
The arrow barely misses you.
The deep elf pyromancer mumbles some strange words.
The deep elf pyromancer blinks!
A deep elf knight comes into view. It is wielding a +0 short sword.
A deep elf knight comes into view. It is wielding a +0 scimitar.
The deep elf knight shouts!
You hear a shout!
You pummel the deep elf pyromancer!!
The deep elf pyromancer is severely wounded.
You hear a shout!
The deep elf pyromancer gestures wildly while chanting.
The deep elf pyromancer blinks!
The deep elf knight gestures wildly while chanting.
The deep elf knight flickers and vanishes for a moment.
A deep elf pyromancer comes into view. It is wielding a +0 dagger.
The deep elf zephyrmancer casts a spell.
The deep elf zephyrmancer blinks!
A +1 short sword of speed and a glowing orange brain come into view.
The glowing orange brain turns its attention towards you.
The deep elf pyromancer gestures wildly while chanting.
The deep elf knight hits you but does no damage.
The deep elf zephyrmancer gestures at you while chanting.
The bolt of lightning hits you! The bolt of lightning hits you!!
An earth elemental comes into view.
The glowing orange brain pulsates.
The glowing orange brain radiates an aura of fear!
You are terrified of the glowing orange brain!
The deep elf archer unwields a +0 longbow.
The deep elf archer wields a +2 short sword of electrocution.
You hear the crackle of electricity.
The deep elf archer hits you but does no damage.
You hear a shout! x5
You are no longer terrified.
The deep elf pyromancer gestures wildly while chanting.
The deep elf pyromancer blinks!
The deep elf knight attacks as it pursues you!
The deep elf knight barely misses you.
The deep elf zephyrmancer mumbles some strange words.
The deep elf zephyrmancer blinks!
The deep elf knight casts a spell.
The deep elf knight seems to speed up.
The deep elf knight casts a spell at you.
The shard of ice hits you.
The deep elf zephyrmancer casts a spell.
The deep elf zephyrmancer blinks!
You pummel the deep elf knight!!
The deep elf knight is heavily wounded.
A deep elf knight opens the door.
The deep elf knight hits you but does no damage.
You squash the deep elf knight like an ant!!!
You kill the deep elf knight!
Beogh accepts your kill.
You closely miss the deep elf knight. The deep elf knight misses you.
The deep elf archer points at you and mumbles some strange words.
The deep elf knight resists with almost no effort.
You miss the deep elf knight. The deep elf knight closely misses you.
You punch the deep elf knight!
The deep elf knight is moderately wounded.
The deep elf knight hits you but does no damage.
The deep elf archer unwields a +2 short sword of electrocution.
It stops crackling.
The deep elf archer wields a +0 longbow.
The deep elf archer shoots an arrow.
The arrow hits the deep elf knight!
You pummel the deep elf knight!!
You kill the deep elf knight!
Beogh accepts your kill.
A deep elf knight comes into view. It is wielding a +0 short sword.
Aiming: Fastroot
Press: ? - help, Shift-Dir - straight line, f - deep elf archer
Aim: a deep elf archer, wielding a +0 longbow and wearing a +0 leather armour (repelling missiles)
The roots erupt in riotous growth!
Roots grab the deep elf archer.
The fire elemental is unaffected.
Roots grab the deep elf pyromancer.
Roots grab the deep elf zephyrmancer.
The grasping roots constrict the deep elf zephyrmancer!
The grasping roots constrict the deep elf pyromancer!
The grasping roots constrict the deep elf archer.
The deep elf archer shoots an arrow.
The arrow hits you!!
The deep elf zephyrmancer casts a spell.
The deep elf zephyrmancer blinks free!
Unknown command.
Unknown command.
The grasping roots constrict the deep elf pyromancer!
The grasping roots constrict the deep elf archer!
The deep elf archer unwields a +0 longbow.
The deep elf archer wields a +2 short sword of electrocution.
You hear the crackle of electricity.
The deep elf archer hits you with a +2 short sword of electrocution.
You are electrocuted!!
The deep elf pyromancer gestures wildly while chanting.
The deep elf knight gestures wildly while chanting.
The deep elf knight flickers and vanishes for a moment.
You hear a shout!
Items here: )) [ †.
You pummel the deep elf archer!!
You punch the deep elf archer, but do no damage.
The deep elf archer is severely wounded.
The grasping roots constrict the deep elf pyromancer!
The grasping roots constrict the deep elf archer!
You hear a shout!
The deep elf archer hits you but does no damage.
You are electrocuted!!
You punch the deep elf archer!
You kill the deep elf archer!
Beogh accepts your kill.
The grasping roots constrict the deep elf pyromancer!
You kill the deep elf pyromancer!
Beogh accepts your kill.
The +1 short sword of speed hits you but does no damage.
You barely miss the +1 short sword of speed.
The +1 short sword of speed hits you but does no damage.
A deep elf pyromancer comes into view. It is wielding a +0 long sword.
The deep elf knight gestures wildly while chanting.
The deep elf knight seems to speed up.
The deep elf pyromancer shouts!
You punch the +1 short sword of speed!
The +1 short sword of speed is severely damaged.
The +1 short sword of speed hits you but does no damage. x2
Unknown command.
You pummel the +1 short sword of speed!!
The +1 short sword of speed falls from the air.
Beogh accepts your kill.
You hit the fire elemental.
The fire elemental is lightly damaged.
The fire elemental closely misses you.
A manticore comes into view.
The deep elf pyromancer gestures wildly while chanting.
The deep elf pyromancer blinks!
You hit the fire elemental.
The fire elemental is moderately damaged.
The fire elemental barely misses you.
You pummel the fire elemental!!
You destroy the fire elemental!
The fire elemental disappears in a puff of smoke!
You barely miss the deep elf knight.
The deep elf knight casts a spell at you.
The shard of ice hits you!!!
* * * LOW HITPOINT WARNING * * *
Unknown command.
You feel much better.
The deep elf knight hits you but does no damage. x2
A deep elf zephyrmancer comes into view.
It is wielding a +0 short sword.
You begin recalling your allies.
Arbeogh is recalled.
Bogmar is recalled.
You finish recalling your allies.
The deep elf zephyrmancer shouts!
The manticore is engulfed in blazing flames.
The deep elf zephyrmancer gestures wildly while chanting.
The deep elf zephyrmancer blinks!
A deep elf pyromancer comes into view. It is wielding a +0 long sword.
A deep elf zephyrmancer comes into view.
It is wielding a +0 dagger.
The deep elf knight hits you but does no damage.
You hear a shout!
You miss the deep elf knight.
You hear the stately crackle of a magical portal nearby.
The deep elf zephyrmancer shouts!
The deep elf knight hits you but does no damage.
The deep elf pyromancer mumbles some strange words.
The deep elf pyromancer casts a spell at you.
The bolt of fire hits the earth elemental.
The earth elemental completely resists.
The bolt of fire misses the deep elf knight.
The bolt of fire hits you! You resist.
A deep elf pyromancer comes into view. It is wielding a +0 rapier.
You beat the deep elf knight into a bloody pulp!!!
The deep elf knight is severely wounded.
You hear a shout!
The deep elf knight casts a spell at you.
The shard of ice hits you!
* * * LOW HITPOINT WARNING * * *
Unknown command.
You hit the deep elf knight.
The deep elf knight is severely wounded.
The deep elf knight completely misses you.
You punch the deep elf knight! Your punch misses the deep elf knight.
The deep elf knight is almost dead.
The deep elf knight points at you and mumbles some strange words.
The shard of ice hits you!
* * * LOW HITPOINT WARNING * * *
The deep elf zephyrmancer casts a spell.
The deep elf zephyrmancer blinks!
You closely miss the deep elf knight.
The deep elf knight is almost dead.
The deep elf knight hits you but does no damage.
The deep elf zephyrmancer mumbles some strange words.
The deep elf zephyrmancer blinks!
A deep elf pyromancer comes into view. It is wielding a +0 rapier.
The deep elf pyromancer mumbles some strange words.
The deep elf pyromancer blinks!
You closely miss the deep elf knight.
The deep elf knight is almost dead.
The deep elf knight points at you and mumbles some strange words.
The shard of ice hits you!!!
You die...

Skill      XL: |  1  2  3  4  5  6  7  8  9 10 11 12 13 14 15 16 17 18 |
---------------+-------------------------------------------------------+-----
Fighting       | 4 5 6 7 9 10 11 12 13 14 15 16 | 16.6
Unarmed Combat | 4 5 6 7 9 10 11 13 14 15 16 17 18 19 | 19.2
Armour         | 1 2 3 5 7 9 10 11 13 14 | 14.4
Invocations    | 3 6 9 11 12 13 14 15 16 17 18 | 18.8
Dodging        | 3 5 |  5.0
Evocations     | 4 6 7 8 9 11 | 11.1
Shapeshifting  | 3 5 7 9 10 11 | 11.3

Action                     |  1- 3 |  4- 6 |  7- 9 | 10-12 | 13-15 | 16-18 | 19-21 || total
---------------------------+-------+-------+-------+-------+-------+-------+-------++-------
  Melee: Unarmed           |    86 |   203 |   415 |   656 |  1517 |  1550 |    51 ||  4478
         Punch             |       |       |       |       |   188 |   237 |     6 ||   431
   Fire: Sling             |       |       |    10 |       |       |       |       ||    10
         Arbalest          |       |       |       |       |     5 |    30 |       ||    35
  Throw: Dart              |       |       |    13 |    22 |    90 |     6 |       ||   131
 Invoke: Convert to Beogh  |       |       |     1 |       |       |       |       ||     1
         Smiting           |       |       |     1 |    23 |    18 |    48 |       ||    90
         Recall Orcish Fol |       |       |       |     2 |     4 |    30 |     1 ||    37
         Stop Recall       |       |       |       |       |       |    12 |       ||    12
         Give Item to Name |       |       |       |       |       |     2 |     1 ||     3
Ability: Begin Untransform |       |       |       |       |       |     2 |       ||     2
  Evoke: Wand              |       |       |       |    24 |     4 |     1 |     1 ||    30
         Phantom mirror    |       |       |       |       |       |     1 |       ||     1
    Use: Scroll            |       |       |     8 |     5 |     5 |    14 |     1 ||    33
         Potion            |       |       |       |     5 |     3 |     4 |     1 ||    13
   Stab: Distracted        |       |       |       |     2 |     2 |    11 |       ||    15
 Armour: Robe              |    12 |       |       |       |       |       |       ||    12
         Ring mail         |    28 |    28 |       |       |       |       |       ||    56
         Scale mail        |       |   152 |   211 |    60 |       |       |       ||   423
         Plate armour      |       |       |    75 |   463 |  1080 |  1279 |       ||  2897
         Crystal plate arm |       |       |       |       |   350 |   688 |    40 ||  1078
         Skin              |       |       |       |       |     6 |       |       ||     6
  Dodge: Dodged            |    39 |   139 |   149 |   148 |   425 |   522 |    13 ||  1435
   Form: Blade             |       |       |       |       |       |     2 |       ||     2

Levels and vault maps discovered:
D:1:      minmay_arrival_solitary_statue, layout_basic, minmay_distorted
D:2:      layout_basic
D:3:      layout_basic, tso_altar, hellmonk_ecumenical_altar_watching_god
D:4:      layout_loops_corners, minitemple, dk_yredelemnul_ordeal, trog_wizard,
          minmay_temple_entry_tees, serial_shops, nicolae_shop_hallway_stairs,
          nicolae_stop_n_shop_1, enter_ossuary_3, uniq_eustachio
D:5:      layout_loops_corners, lemuel_tele_altar, kennysheep_doodads
D:6:      layout_gridville, kennysheep_little_box, nicolae_elyvilon_temple_path,
          minmay_misc_feat_diagonals, lightli_corner_chamber
D:7:      layout_loops_cross, grunt_temple_overflow_forces_of_nature,
          nicolae_dithmenos_through_a_glass_darkly
D:8:      layout_rooms, mainiacjoe_overflow_paths, serial_undead,
          serial_undead_d, serial_undead_d, serial_undead_f, serial_undead_c
D:9:      layout_gridville, minmay_fractal_squares_gapless_5
D:10:     layout_loops_cross, nicolae_wu_jian_wuxing_cycle, david_orc_2,
          nicolae_wooded_promenade, minmay_misc_feat_columns
D:11:     layout_loops_cross, due_lair_maze_entry_diamond, uniq_amaemon
D:12:     layout_cave_pools, serial_ice, serial_ice_j, serial_ice_g,
          serial_ice_a, serial_ice_h, portal_ice_cave_entry_pillars_2
D:13:     layout_irregular_city, uniq_maurice, uniq_sonja, uniq_frances
D:14:     layout_basic, grunt_vaults_entry_fortified
D:15:     grunt_enter_depths_magical_seal, layout_stronghold,
          minmay_strange_pillars, serial_rivers, chequers_serial_rivers_large_b,
          chequers_serial_rivers_micro_a, chequers_serial_rivers_small_a,
          chequers_serial_rivers_large_a, st_stairs_14
Temple:   hellmonk_temple_forest_ring
Lair:1:   layout_regular_city, beast_lair_carwin_3
Lair:2:   layout_small_grid, minmay_swamp_entry_wisps,
          guppyfry_snake_entry_garden, nicolae_lair_lakeside_cave,
          lemuel_fruit_fields
Lair:3:   layout_chaotic_city, infiniplex_staircase_pool, serial_bayou_shore_a
Lair:4:   layout_layer_cave, minmay_slime_entry_jelly_boxes, basic_altar,
          infiniplex_staircase_pool_2
Lair:5:   gammafunk_lair_ancient_temple, layout_hall_layers, special_room
          [special_room_mythical_zoo], uniq_kirke
Swamp:1:  layout_basic_swamp, evilmike_swamp_ruin_rubble_1
Swamp:2:  layout_basic_swamp, serial_swamp_ruin, evilmike_swamp_ruin_rubble_2,
          hangedman_swamp_ruin_hall, swamp_pool2
Swamp:3:  layout_basic_swamp, evilmike_swamp_ruin_house_3, uniq_roxanne
Swamp:4:  byrel_swamp_growth_death_and_undeath, layout_basic_swamp
Snake:1:  layout_layer_cave, grunt_megastairs_1, uniq_aizul, uniq_asterion,
          uniq_azrael
Snake:2:  layout_rooms
Snake:3:  gammafunk_its_a_trap, layout_misc_corridors, library_closet,
          uniq_nikola
Snake:4:  grunt_snake_rune_serpentine_throne, layout_cave_town, basic_altar,
          nicolae_snake_snake_lake, nrook_guardian_serpent_double, uniq_vashnia
Orc:1:    layout_caves, basic_altar
Orc:2:    grunt_orc_cross, layout_caves, uniq_josephine
Elf:1:    eino_elf_arrival_customs, layout_loops_corners, serial_shops,
          nicolae_shop_window_shopping, shop, shop, shop, shop_statue,
          lightli_enter_wizlab_magi_temple, minivault_28, minmay_shop_grove,
          uniq_jorgrun

Notes
Turn   | Place    | Note
-------+----------+-------------------------------------------
     0 | D:1      | scionoferis the Hill Orc Monk began the quest for the Orb.
     0 | D:1      | Reached XP level 1. HP: 19/19 MP: 1/1
   200 | D:1      | Reached XP level 2. HP: 27/27 MP: 2/2
   372 | D:1      | Reached skill level 4 in Fighting
   390 | D:1      | Reached skill level 4 in Unarmed Combat
   526 | D:1      | Reached XP level 3. HP: 33/33 MP: 3/3
  1018 | D:1      | Reached XP level 4. HP: 28/41 MP: 4/4
  1311 | D:2      | Reached skill level 5 in Unarmed Combat
  2097 | D:3      | Noticed an eye of devastation
  2099 | D:3      | Found a faded altar of an unknown god.
  2119 | D:3      | Noticed a shining eye
  2119 | D:3      | Noticed a great orb of eyes
  2119 | D:3      | Noticed a great orb of eyes
  2207 | D:3      | Reached XP level 5. HP: 47/47 MP: 5/5
  2654 | D:3      | Found a glowing golden altar of the Shining One.
  2790 | D:4      | Found Leluduq's Jewellery Emporium.
  2847 | D:4      | Found a runed translucent door.
  2847 | D:4      | Noticed a human
  2851 | D:4      | Found a basalt altar of Yredelemnul.
  2891 | D:4      | Noticed Eustachio
  2960 | D:4      | Found Wesaiweme's Antique Armour Emporium.
  2985 | D:4      | Reached skill level 5 in Fighting
  3034 | D:4      | Found a bloodstained altar of Trog.
  3035 | D:4      | Noticed a wizard
  3041 | D:4      | Killed a wizard
  3100 | D:4      | Found a sand-covered staircase.
  3109 | Ossuary  | Entered an ossuary
  3214 | Ossuary  | Reached skill level 1 in Armour
  3228 | Ossuary  | Reached skill level 6 in Unarmed Combat
  3228 | Ossuary  | Reached XP level 6. HP: 40/56 MP: 6/6
  3339 | Ossuary  | Reached skill level 2 in Armour
  3430 | Ossuary  | Reached XP level 7. HP: 56/62 MP: 7/7
  3504 | Ossuary  | Reached skill level 6 in Fighting
  3716 | D:4      | Killed Eustachio
  3717 | D:4      | Reached skill level 3 in Armour
  3717 | D:4      | Reached skill level 7 in Unarmed Combat
  4068 | D:4      | Found a staircase to the Ecumenical Temple.
  4114 | Temple   | Entered the Ecumenical Temple
  4394 | D:4      | Found a burning altar of Makhleb.
  4395 | D:4      | Found a hazy altar of Hepliaklqana.
  4761 | D:5      | Entered Level 5 of the Dungeon
  4782 | D:5      | Reached XP level 8. HP: 64/71 MP: 8/8
  4880 | D:5      | Reached skill level 8 in Unarmed Combat
  4973 | D:5      | Reached skill level 4 in Armour
  5083 | D:5      | Became a worshipper of Beogh the Brigand
  5083 | D:5      | Reached * piety under Beogh
  5083 | D:5      | Reached ** piety under Beogh
  5597 | D:5      | Reached skill level 1 in Invocations
  5640 | D:5      | Reached skill level 7 in Fighting
  5644 | D:5      | Found a glowing silver altar of Zin.
  6182 | D:6      | Reached skill level 2 in Invocations
  6437 | D:6      | Reached skill level 9 in Unarmed Combat
  6564 | D:6      | Reached skill level 5 in Armour
  6564 | D:6      | Reached skill level 3 in Invocations
  6748 | D:6      | Upgraded the game from 0.31-a0-810-ga77100ea1a to
                  | 0.31-a0-818-ge7c7cf74f0
  6791 | D:6      | Found an iron altar of Okawaru.
  6803 | D:6      | Reached XP level 9. HP: 80/80 MP: 11/11
  6922 | D:6      | Found a white marble altar of Elyvilon.
  7284 | D:7      | Reached skill level 4 in Invocations
  7288 | D:7      | Reached skill level 8 in Fighting
  7447 | D:7      | Found a stormy altar of Qazlal.
  7452 | D:7      | Found a blossoming altar of Fedhas.
  7582 | D:7      | Found a shadowy altar of Dithmenos.
  7747 | D:8      | Reached skill level 10 in Unarmed Combat
  7796 | D:8      | Reached *** piety under Beogh
  7836 | D:8      | Found a shimmering blue altar of Sif Muna.
  7890 | D:8      | Identified the +9 plate armour "Qich" {Str-2 Int+3 SInv}
  7991 | D:8      | Reached skill level 5 in Invocations
  8106 | D:8      | Reached skill level 3 in Dodging
  8253 | D:8      | Reached skill level 9 in Fighting
  8253 | D:8      | Reached skill level 6 in Invocations
  8312 | D:8      | Reached XP level 10. HP: 82/91 MP: 14/14
  8744 | D:9      | Reached skill level 4 in Dodging
  8841 | D:9      | Reached skill level 7 in Invocations
  8851 | D:9      | Reached skill level 11 in Unarmed Combat
  9348 | D:10     | Entered Level 10 of the Dungeon
  9442 | D:10     | Found a staircase to the Orcish Mines.
  9471 | D:10     | Reached **** piety under Beogh
  9517 | D:10     | Reached skill level 10 in Fighting
  9643 | D:10     | Found an ornate altar of the Wu Jian Council.
  9668 | D:10     | Reached skill level 8 in Invocations
  9820 | D:10     | Found Heugigob's Weapon Emporium.
  9964 | D:10     | Found Bair's Distillery.
  9968 | D:10     | Bought 3 curare-tipped darts for 61 gold pieces
 10053 | D:10     | Bought a potion of resistance for 140 gold pieces
 10053 | D:10     | Bought a potion of heal wounds for 70 gold pieces
 10053 | D:10     | Bought a potion of degeneration for 14 gold pieces
 10053 | D:10     | Bought a potion of mutation for 112 gold pieces
 10056 | D:10     | Bought a potion of enlightenment for 70 gold pieces
 10056 | D:10     | Bought a potion of attraction for 42 gold pieces
 10056 | D:10     | Bought a potion of cancellation for 112 gold pieces
 10413 | D:11     | Noticed a boulder beetle
 10424 | D:11     | Reached skill level 5 in Dodging
 10433 | D:11     | Noticed a catoblepas
 10434 | D:11     | Noticed a two-headed ogre
 10535 | D:11     | Killed a catoblepas
 10536 | D:11     | Reached skill level 9 in Invocations
 10536 | D:11     | Reached XP level 11. HP: 71/99 MP: 17/17
 10578 | D:11     | Reached skill level 12 in Unarmed Combat
 10631 | D:11     | Killed a boulder beetle
 10632 | D:11     | Reached skill level 1 in Evocations
 10694 | D:11     | Killed a two-headed ogre
 10695 | D:11     | Reached skill level 10 in Invocations
 10704 | D:11     | Noticed Amaemon
 10708 | D:11     | Killed Amaemon
 10709 | D:11     | Reached skill level 2 in Evocations
 10853 | D:11     | Found a staircase to the Lair.
 10865 | D:11     | Noticed a boulder beetle
 10886 | D:11     | Killed a boulder beetle
 10887 | D:11     | Reached skill level 6 in Armour
 11506 | D:12     | Noticed a two-headed ogre
 11515 | D:12     | Killed a two-headed ogre
 11516 | D:12     | Reached skill level 3 in Evocations
 11521 | D:12     | Gained Wardok as an ally
 11527 | D:12     | Your ally Wardok died
 11626 | D:12     | Found a frozen archway.
 11653 | IceCv    | Entered an ice cave
 11673 | IceCv    | HP: 1/99 [death yak simulacrum (28)]
 11677 | IceCv    | Reached skill level 11 in Invocations
 11840 | IceCv    | Reached skill level 4 in Evocations
 11957 | IceCv    | Reached skill level 7 in Armour
 11957 | IceCv    | Reached skill level 13 in Unarmed Combat
 12082 | IceCv    | Reached XP level 12. HP: 77/106 MP: 20/20
 12565 | IceCv    | Reached skill level 5 in Evocations
 12717 | IceCv    | Found an ancient bone altar of Kikubaaqudgha.
 12759 | IceCv    | Reached skill level 12 in Invocations
 12763 | IceCv    | Reached skill level 8 in Armour
 13557 | D:11     | Reached skill level 6 in Evocations
 13718 | D:12     | Reached skill level 14 in Unarmed Combat
 14088 | D:12     | Noticed a two-headed ogre
 14103 | D:12     | Killed a two-headed ogre
 14104 | D:12     | Reached skill level 9 in Armour
 14104 | D:12     | Reached XP level 13. HP: 111/114 MP: 22/22
 14251 | D:13     | Noticed Frances
 14324 | D:13     | Noticed Maurice
 14353 | D:13     | Killed Maurice
 14354 | D:13     | Reached skill level 13 in Invocations
 14480 | D:13     | Noticed Sonja
 14491 | D:13     | Killed Sonja
 14898 | D:13     | Killed Frances
 15056 | D:13     | You fall into a shaft and drop 1 floor!
 15344 | D:13     | Reached skill level 11 in Fighting
 15592 | D:13     | Reached skill level 15 in Unarmed Combat
 15724 | Lair:1   | Entered Level 1 of the Lair of Beasts
 15944 | Lair:1   | Reached skill level 1 in Shapeshifting
 16640 | Lair:1   | Reached skill level 2 in Shapeshifting
 16738 | Lair:2   | Found a staircase to the Swamp.
 16872 | Lair:2   | Reached skill level 10 in Armour
 17133 | Lair:1   | Reached skill level 7 in Evocations
 17414 | Lair:2   | Reached skill level 3 in Shapeshifting
 17416 | Lair:2   | Reached XP level 14. HP: 124/124 MP: 24/24
 17516 | Lair:2   | Reached skill level 14 in Invocations
 17634 | Lair:2   | Found a staircase to the Snake Pit.
 17982 | Lair:2   | Noticed a dire elephant
 18264 | Lair:2   | Reached skill level 4 in Shapeshifting
 18586 | Lair:2   | Killed a dire elephant
 18750 | Lair:2   | Reached skill level 12 in Fighting
 18750 | Lair:2   | Reached skill level 16 in Unarmed Combat
 20462 | Lair:4   | Found an ornate altar of the Wu Jian Council.
 20613 | Lair:4   | Reached skill level 5 in Shapeshifting
 21152 | Lair:4   | Found a staircase to the Slime Pits.
 21163 | Lair:4   | Found a viscous altar of Jiyva.
 21353 | Lair:4   | Reached skill level 8 in Evocations
 21581 | Lair:5   | Entered Level 5 of the Lair of Beasts
 21739 | Lair:5   | Paralysed by a hornet for 2 turns
 21965 | Lair:5   | Noticed Kirke
 22103 | Lair:5   | Reached ***** piety under Beogh
 22114 | Lair:5   | Reached XP level 15. HP: 134/134 MP: 26/26
 22315 | Lair:5   | Reached skill level 15 in Invocations
 22392 | Lair:5   | Reached skill level 6 in Shapeshifting
 22624 | Lair:5   | Killed Kirke
 22702 | Lair:4   | Reached skill level 17 in Unarmed Combat
 23107 | Lair:5   | Reached skill level 13 in Fighting
 23257 | Lair:5   | Got a well-preserved book
 23264 | Lair:5   | Identified the +16 crystal plate armour "Lownumup" {SInv}
 23987 | D:14     | HP: 7/135 [meliai/divine providence (14)]
 24205 | D:14     | Reached skill level 7 in Shapeshifting
 24219 | D:14     | Reached skill level 9 in Evocations
 24316 | D:14     | Identified the +1 scale mail "Fiukhoul" {rF- Str+5 Int+3
                  | SInv}
 24606 | D:14     | Found a gate to the Vaults.
 24741 | D:15     | Entered Level 15 of the Dungeon
 25331 | D:15     | Reached XP level 16. HP: 144/144 MP: 27/27
 26135 | D:15     | Reached skill level 8 in Shapeshifting
 26145 | D:15     | Reached skill level 16 in Invocations
 26181 | D:15     | Found a staircase to the Depths.
 26327 | Orc:1    | Entered Level 1 of the Orcish Mines
 26479 | Orc:1    | Reached skill level 18 in Unarmed Combat
 26660 | Orc:1    | Found a roughly hewn altar of Beogh.
 26940 | Orc:2    | Entered Level 2 of the Orcish Mines
 26956 | Orc:2    | Noticed Blork the orc
 26962 | Orc:2    | Noticed Josephine
 26962 | Orc:2    | Your ally Blork the orc died
 26968 | Orc:2    | Killed Josephine
 27250 | Orc:2    | Found a staircase to the Elven Halls.
 27443 | Orc:2    | Found a roughly hewn altar of Beogh.
 27446 | Orc:2    | Found Nyshuj's Antique Armour Emporium.
 27528 | Orc:2    | Found Venwesie's Antique Weapon Emporium.
 27559 | Orc:2    | Found Fiky's General Store.
 27567 | Orc:2    | Bought a potion of lignification for 48 gold pieces
 27567 | Orc:2    | Bought a potion of might for 64 gold pieces
 27674 | Orc:2    | Found Wyafraolum's Book Emporium.
 27931 | D:4      | Bought a steaming plate armour for 812 gold pieces
 27931 | D:4      | Identified the +4 plate armour of Dice, Bag, and Bottle
                  | {rPois rC+ Str-2 Dex+2} (You bought it in a shop on level 4
                  | of the Dungeon)
 28230 | D:4      | Bought a ring of protection from fire for 250 gold pieces
 28411 | Swamp:1  | Entered Level 1 of the Swamp
 28463 | Lair:2   | Identified a scroll of acquirement
 28467 | Lair:2   | Acquired a manual of Stealth
 28570 | Swamp:1  | Reached skill level 14 in Fighting
 28605 | Swamp:1  | Gained Borgoth as an ally
 28725 | Swamp:1  | Reached skill level 11 in Armour
 29460 | Swamp:2  | Reached skill level 9 in Shapeshifting
 29608 | Swamp:2  | Identified the +1 hand axe of Uncertain Death {speed, *Rage
                  | *Corrode rElec rN+++}
 30484 | Swamp:3  | Noticed Roxanne
 31237 | Swamp:3  | Killed Roxanne
 31308 | Swamp:3  | Acquired a manual of Dodging
 31363 | Swamp:4  | Entered Level 4 of the Swamp
 31806 | Swamp:4  | Reached XP level 17. HP: 42/154 MP: 29/29
 31960 | Swamp:4  | Reached skill level 17 in Invocations
 32119 | Swamp:4  | Reached skill level 10 in Shapeshifting
 32429 | D:4      | Bought a blade talisman for 400 gold pieces
 33010 | Swamp:4  | Gained Bogwik as an ally
 33037 | Swamp:4  | Reached skill level 12 in Armour
 33266 | Swamp:4  | Gained Zartorak as an ally
 33275 | Swamp:4  | Your ally Bogwik died
 33278 | Swamp:4  | Your ally Borgoth died
 33282 | Swamp:4  | Your ally Zartorak died
 33396 | Swamp:4  | Reached skill level 15 in Fighting
 33525 | Swamp:4  | Found a blossoming altar of Fedhas.
 33587 | Swamp:4  | Found a basalt altar of Yredelemnul.
 34224 | Swamp:4  | Got a decaying rune of Zot
 34394 | Snake:1  | Entered Level 1 of the Snake Pit
 34531 | Snake:1  | Noticed Azrael
 34541 | Snake:1  | Killed Azrael
 34784 | Snake:1  | Noticed Asterion
 34789 | Snake:1  | Noticed an Executioner
 34794 | Snake:1  | Killed Asterion
 35607 | Snake:1  | Reached skill level 13 in Armour
 35877 | Snake:1  | Noticed Aizul
 35901 | Snake:1  | Killed Aizul
 37178 | Snake:1  | Reached XP level 18. HP: 134/163 MP: 30/30
 37216 | Snake:1  | Reached skill level 10 in Evocations
 37481 | Snake:2  | You fall into a shaft and drop 1 floor!
 37731 | Snake:3  | Noticed Nikola
 37756 | Snake:3  | Killed Nikola
 37781 | Snake:2  | Reached skill level 18 in Invocations
 38193 | D:11     | Acquired 651 gold pieces
 38198 | D:11     | Acquired the +1 pair of gloves "Iffac" {rPois Int+4 Dex-3
                  | Stlth+}
 38389 | Snake:2  | Gained Arkwar as an ally
 38693 | Snake:3  | Gained Milork as an ally
 38712 | Snake:3  | Gained Arbeogh as an ally
 38748 | Snake:3  | Found a transporter.
 39017 | Snake:3  | Your ally Arkwar died
 39048 | Snake:3  | Your ally Milork died
 39351 | Snake:3  | Reached skill level 16 in Fighting
 39362 | Snake:3  | Found a transporter.
 39860 | Snake:3  | Identified the +6 rapier "Mouqull" {heavy, rCorr}
 39866 | Snake:3  | Identified the amulet of Nemelex Xobeh's Wrath {Faith rCorr
                  | Stlth+}
 39880 | Snake:3  | Identified the ring "Igahil" {Drain rF+ EV+5 Str+4}
 40041 | Snake:4  | Entered Level 4 of the Snake Pit
 40087 | Snake:4  | Reached skill level 11 in Shapeshifting
 40230 | Snake:4  | Reached skill level 14 in Armour
 40510 | Snake:4  | Gained Orgrim as an ally
 40945 | Snake:4  | Noticed Vashnia
 40966 | Snake:4  | Found an ancient bone altar of Kikubaaqudgha.
 40984 | Snake:4  | Killed Vashnia
 40985 | Snake:4  | Reached skill level 19 in Unarmed Combat
 41322 | Snake:4  | Your ally Orgrim died
 41541 | Snake:4  | Gained Bogmar as an ally
 41554 | Snake:4  | Reached skill level 11 in Evocations
 41564 | Snake:4  | Reached XP level 19. HP: 122/174 MP: 32/32
 41634 | Snake:4  | Got a serpentine rune of Zot
 42869 | Elf:1    | Entered Level 1 of the Elven Halls
 42935 | Elf:1    | Found Jeruaf's General Store.
 42977 | Elf:1    | Found Buawnudyce's General Store.
 42983 | Elf:1    | Found Yler's Magic Scroll Boutique.
 43042 | Elf:1    | Killed from afar by a deep elf knight

Vanquished Creatures
  Vashnia (Snake:4)
  Nikola (Snake:3)
  Frances (D:13)
  Asterion (Snake:1)
  Kirke (Lair:5)
  3 thorn hunters (Swamp:4)
  Aizul (Snake:1)
  4 nagarajas (Snake:3 Snake:4)
  Roxanne (Swamp:3)
  2 eleionomae (Swamp:3 Swamp:4)
  Azrael (Snake:1)
  2 dire elephants (Lair:2 Lair:4)
  A vampire knight (Swamp:4)
  3 bunyips (Swamp:3 Swamp:4)
  Josephine (Orc:2)
  A salamander tyrant (Snake:1)
  4 vault guards (D:14)
  7 alligators (Lair:2 Swamp:1 Swamp:3 Swamp:4)
  5 boulder beetles (D:11 Lair:5 D:14 D:15)
  3 catoblepae (D:11 D:13 Lair:4)
  5 hydras (Lair:4 D:14 Swamp:3)
  9 anacondas (Lair:2 Snake:1 Snake:2 Snake:3 Snake:4)
  A merfolk avatar (Lair:5)
  3 dancing weapons (Elf:1)
  4 two-headed ogres (D:11 D:12 D:14)
  6 centaur warriors (D:13 D:14 D:15)
  11 naga warriors (Snake:1 Snake:3 Snake:4)
  3 tengu warriors (D:15)
  A death yak (Lair:1)
  10 naga sharpshooters (Snake:1 Snake:2 Snake:3 Snake:4)
  8 shock serpents (Snake:1 Snake:2 Snake:3 Snake:4)
  An orc high priest (Orc:2)
  Sonja (D:13)
  A fire crab (Lair:2)
  Amaemon (D:11)
  2 skysharks (Lair:4 Lair:5)
  3 deep elf knights (D:14 Elf:1)
  2 salamander mystics (Snake:2 Snake:4)
  9 skeletal warriors (D:11 D:12 D:13)
  7 naga ritualists (Snake:1 Snake:2 Snake:3 Snake:4)
  4 goliath frogs (Swamp:1 Swamp:3)
  2 deep elf archers (D:14 Elf:1)
  2 sea snakes (Snake:4)
  6 spriggan druids (Swamp:1 Swamp:2 Swamp:3 Swamp:4)
  10 swamp dragons (Swamp:1 Swamp:2 Swamp:3 Swamp:4)
  2 bog bodies (Swamp:1 Swamp:4)
  2 spectral hydras (Swamp:4)
  4 deep elf pyromancers (D:13 Elf:1)
  2 necromancers (IceCv D:15)
  3 wizards (D:15)
  6 mana vipers (Snake:1 Snake:3 Snake:4)
  4 deep elf zephyrmancers (D:15 Elf:1)
  An orc knight (Orc:2)
  3 oklob plants (Swamp:4)
  2 orc sorcerers (D:14 Orc:2)
  12 ugly things (IceCv D:14 D:15)
  6 manticores (D:13 Lair:5 D:14 D:15)
  11 salamanders (Snake:1 Snake:2 Snake:3 Snake:4)
  2 cyclopes (D:14 D:15)
  5 will-o-the-wisps (Lair:1 Swamp:1 Swamp:2 Swamp:3 Swamp:4)
  9 elephants (Lair:3 Lair:5)
  A black mamba (shapeshifter) (D:14)
  38 black mambas (D:11 Lair:3 Snake:1 Snake:2 Snake:3)
  An ice statue (IceCv)
  9 naga magi (Snake:1 Snake:2 Snake:3 Snake:4)
  5 guardian serpents (Snake:4)
  An orange demon (D:11)
  Maurice (D:13)
  2 torpor snails (Lair:3 Lair:5)
  5 rime drakes (Lair:2 Lair:5)
  14 cane toads (Lair:1 Lair:2 Lair:5)
  An unseen horror (D:13)
  An unseen horror zombie (D:8)
  A tengu conjurer (D:15)
  3 centaur skeletons (D:15)
  4 yaktaurs (D:14 D:15)
  9 freezing wraiths (IceCv D:14 Swamp:4)
  2 efreet (D:14 D:15)
  15 komodo dragons (D:11 Lair:1 Lair:2 Lair:4 Lair:5)
  10 ice devils (IceCv)
  2 meliai (D:14)
  7 trolls (D:9 D:10 D:12 Orc:1)
  9 tyrant leeches (Swamp:1 Swamp:2 Swamp:3)
  2 hydra skeletons (Swamp:4)
  A hydra zombie (Swamp:4)
  A bloated husk (Swamp:1)
  A death drake zombie (Swamp:4)
  8 polar bears (Lair:1 Lair:2 Lair:5)
  17 blink frogs (Lair:1 Lair:2 Lair:3 Lair:4 Lair:5)
  A death drake skeleton (Swamp:4)
  6 hornets (Lair:2 Lair:5 Swamp:1 Swamp:2)
  A raiju (shapeshifter) (D:14)
  2 dream sheep (Lair:5)
  2 snapping turtles (Lair:5)
  4 slime creatures (D:12)
  2 dire elephant simulacra (IceCv)
  A vampire (D:11)
  2 spriggans (Swamp:1 Swamp:2)
  A water elemental (Elf:1)
  2 centaur simulacra (D:12)
  Eustachio (D:4)
  14 wyverns (D:11 Lair:2 Lair:5)
  3 wraiths (Orc:2)
  A hog (Lair:5)
  44 yaks (D:9 D:10 D:11 D:12 Lair:2)
  2 fire elementals (Snake:1)
  12 basilisks (Lair:1 Lair:2 Lair:3 Lair:5 Lair:4)
  5 death yak simulacra (IceCv)
  2 steam dragons (D:10 Lair:5)
  10 vampire mosquitoes (D:12 D:13 D:14 Swamp:1)
  A warg (Orc:2)
  A harpy simulacrum (IceCv)
  29 nagas (Lair:2 Snake:1 Snake:2 Snake:3 Snake:4)
  11 swamp worms (Swamp:1 Swamp:2 Swamp:4)
  16 water moccasins (D:6 D:9 D:11 Lair:1 Lair:2)
  5 hydra simulacra (IceCv Swamp:4)
  An acid dragon (D:8)
  4 hell hounds (Lair:4 Snake:1)
  A sky beast (D:8)
  10 orc warriors (D:9 D:10 Orc:1 Orc:2)
  2 black bears (Lair:2)
  2 ice beasts (D:6 D:12)
  4 swamp drakes (Swamp:1 Swamp:3 Swamp:4)
  9 ogres (D:4 D:5 D:7 D:6 Orc:1)
  14 wolves (D:12 D:11 Lair:2 Lair:3)
  3 swamp dragon zombies (Swamp:4)
  7 centaurs (D:8 D:9 D:10 D:14)
  A phantom (D:6)
  10 bullfrogs (D:7 D:11 Lair:1 Lair:2 Lair:3)
  3 kobold brigands (D:6 D:8 D:11)
  A gnoll sergeant (D:9)
  8 scorpions (D:5 D:6 D:7 Lair:2)
  2 wyvern zombies (D:8)
  2 cane toad simulacra (IceCv)
  6 water moccasin zombies (Ossuary)
  7 wights (D:8)
  4 elephant simulacra (IceCv)
  5 electric eels (D:6 D:10 D:12 Lair:3 Snake:4)
  A centaur zombie (D:8)
  3 hounds (D:5 D:6)
  13 jellies (D:5 Lair:4 Lair:3)
  9 orc priests (D:5 D:6 D:8 D:9 D:10)
  3 gnoll boudas (D:5 D:7 D:8)
  An iguana (D:6)
  12 orc wizards (D:4 D:5 D:9 D:10 D:11)
  5 hell rats (Lair:5)
  2 troll simulacra (IceCv)
  5 polar bear simulacra (IceCv)
  3 spriggan simulacra (IceCv)
  A killer bee zombie (D:8)
  4 wolf simulacra (IceCv)
  2 mummies (Ossuary)
  A howler monkey zombie (D:8)
  18 gnolls (D:1 D:2 D:5 D:7 D:8)
  9 adders (D:2 D:3 D:4 D:6)
  A shadow imp (D:7)
  3 white imps (D:6 D:12 IceCv)
  4 adder zombies (Ossuary)
  2 worms (D:2 D:4)
  7 dart slugs (D:1 D:2 D:3 D:4 D:5)
  29 orcs (D:4 D:5 D:6 D:8 D:9)
  4 bats (D:1 D:2)
  8 endoplasms (D:1 D:2 D:4 Lair:4)
  3 giant cockroaches (D:2 D:4)
  2 gnoll zombies (Ossuary)
  10 goblins (D:1 D:2 D:3 D:4)
  5 hobgoblins (D:1 D:3 D:4)
  24 kobolds (D:1 D:2 D:3 D:4 D:6)
  2 quokkas (D:2)
  7 ball pythons (D:1 D:2 D:4)
  2 frilled lizards (D:1 D:3)
  A hobgoblin zombie (Ossuary)
  A kobold zombie (Ossuary)
  7 orc zombies (Ossuary)
  6 rats (D:1 D:3)
908 creatures vanquished.

Vanquished Creatures (collateral kills)
  2 thorn hunters (Swamp:4)
  A nagaraja (Snake:4)
  An orc warlord (Orc:1)
  2 eleionomae (Swamp:2 Swamp:3)
  A vampire knight (Swamp:3)
  A rakshasa (D:14)
  7 hydras (Swamp:1 Swamp:3 Swamp:4)
  4 alligators (Swamp:1 Swamp:3 Swamp:4)
  A catoblepas (D:14)
  4 anacondas (Snake:3 Snake:4)
  A boulder beetle (Lair:5)
  8 naga warriors (Snake:2 Snake:3 Snake:4)
  8 naga sharpshooters (Snake:4)
  2 shock serpents (Snake:3 Snake:4)
  A salamander mystic (Snake:2)
  2 goliath frogs (Swamp:3)
  2 sea snakes (Snake:4)
  A spriggan druid (Swamp:3)
  2 swamp dragons (Swamp:3)
  2 phantasmal warriors (Swamp:4)
  A bog body (Swamp:3)
  2 naga ritualists (Snake:4)
  An orc knight (Orc:2)
  A harpy (Lair:5)
  An orc sorcerer (Orc:2)
  2 will-o-the-wisps (Swamp:1 Swamp:4)
  A cyclops (Orc:2)
  3 salamanders (Snake:3 Snake:4)
  2 guardian serpents (Snake:4)
  9 black mambas (Snake:2 Snake:3 Snake:4)
  9 naga magi (Snake:1 Snake:3 Snake:4)
  2 hydra zombies (Swamp:4)
  2 hornets (Swamp:3)
  A meliai (D:14)
  A tyrant leech (Swamp:3)
  2 spriggans (Swamp:3)
  A wraith (Orc:2)
  A slime creature (D:12)
  3 wyverns (Lair:4 Lair:5)
  3 yaks (D:11 D:12)
  A basilisk (Lair:4)
  3 vampire mosquitoes (D:14 Swamp:1)
  15 nagas (Snake:1 Snake:2 Snake:3 Snake:4)
  A hydra simulacrum (Swamp:4)
  7 swamp worms (Swamp:1 Swamp:3 Swamp:4)
  A swamp drake (Swamp:3)
  3 orc warriors (Orc:2 Swamp:4)
  An ice beast (D:12)
  A black bear (D:11)
  An ogre (Orc:1)
  A bullfrog (D:11)
  A scorpion (D:11)
  An electric eel (Snake:4)
  An orc priest (Orc:2)
  7 orc wizards (D:9 D:10 D:15 Orc:2)
  6 orcs (D:8 D:10 Orc:1 Orc:2)
  A kobold (D:11)
153 creatures vanquished.

Vanquished Creatures (others)
  An orc high priest (Swamp:4)
  A naga warrior (Snake:4)
  13 orc knights (Swamp:3 Swamp:4 Snake:1 Snake:2 Snake:3)
  A deep elf zephyrmancer (Elf:1)
  A mana viper (Snake:3)
  A wizard (D:4)
  2 orc sorcerers (Swamp:3 Snake:4)
  2 black mambas (Snake:3)
  A guardian serpent (Snake:3)
  2 bloated husks (Swamp:2 Swamp:3)
  A spriggan (Swamp:2)
  2 humans (Lair:5)
  14 orc warriors (D:11 D:12 D:6 Orc:2 Swamp:3)
  Blork the orc (Orc:2)
  21 orc wizards (D:8 D:9 D:11 D:12 Lair:5)
  18 orc priests (D:9 D:12 Lair:4 Orc:2 Swamp:1)
  2 gnolls (D:5)
  An ufetubus (D:6)
  46 orcs (D:5 D:8 D:10 D:11 D:12)
  32 foxfires (Lair:2 Lair:1 Swamp:1 Swamp:2 Swamp:4)
163 creatures vanquished.

Grand Total: 1224 creatures vanquished

Table legend: (Time is in decaauts)
 A = Elapsed time spent in this place.
 B = Non-inter-level travel time spent in this place.
 C = Inter-level travel time spent in this place.
 D = Time resting spent in this place.
 E = Time spent auto-exploring this place.
 F = Levels seen in this place.
 G = Mean time per level.
                   A        B        C        D        E       F      G
               +--------+--------+--------+--------+--------+-----+--------+
         Total |  42276 |  37292 |   4984 |   7780 |  13864 |  34 | 1243.4 |
       Dungeon |  17732 |  15181 |   2551 |   1989 |   7666 |  15 | 1182.1 |
        Temple |      1 |      1 |      0 |      0 |      0 |   1 |    1.0 |
          Lair |   7745 |   6673 |   1072 |   1099 |   3256 |   5 | 1549.0 |
         Swamp |   5415 |   4705 |    710 |   1567 |    631 |   4 | 1353.8 |
     Snake Pit |   7219 |   6841 |    378 |   1960 |   1646 |   4 | 1804.8 |
  Orcish Mines |   1756 |   1484 |    272 |    341 |    605 |   2 |  878.0 |
   Elven Halls |    154 |    154 |      0 |      0 |      0 |   1 |  154.0 |
       Ossuary |    572 |    572 |      0 |    328 |      0 |   1 |  572.0 |
      Ice Cave |   1678 |   1678 |      0 |    495 |     60 |   1 | 1678.0 |
               +--------+--------+--------+--------+--------+-----+--------+

Top non-repeatable levels by time:
 Snake:1: 2692 daAuts
    D:11: 2151 daAuts
  Lair:2: 2075 daAuts
 Swamp:3: 1879 daAuts
 Snake:4: 1771 daAuts
  Lair:1: 1742 daAuts
   IceCv: 1678 daAuts
  Lair:4: 1544 daAuts
 Snake:3: 1531 daAuts
     D:4: 1467 daAuts
  Lair:5: 1411 daAuts
 Swamp:4: 1407 daAuts
     D:5: 1407 daAuts
    D:15: 1292 daAuts
    D:14: 1272 daAuts

Table legend:
 A = Non-vault XP
 B = Vault XP
 C = Vault XP percentage of total XP
 D = Non-vault monster count
 E = Vault monster count
 F = Vault count percentage of total count
                 A         B        C        D         E       F
            +---------+---------+-------+---------+---------+-------
      Total |  199353 |  125095 |  38.6 |     692 |     371 |  34.9
            +---------+---------+-------+---------+---------+-------
        D:1 |      87 |       5 |   5.4 |      28 |       2 |   6.7
        D:2 |      60 |       0 |   0.0 |      16 |       0 |   0.0
        D:3 |      31 |       0 |   0.0 |      12 |       0 |   0.0
        D:4 |     243 |     211 |  46.5 |      24 |       1 |   4.0
        D:5 |     580 |       0 |   0.0 |      24 |       0 |   0.0
        D:6 |     994 |     135 |  12.0 |      25 |       3 |  10.7
        D:7 |     488 |       0 |   0.0 |      10 |       0 |   0.0
        D:8 |     969 |     863 |  47.1 |      24 |       9 |  27.3
        D:9 |     888 |     656 |  42.5 |       9 |       5 |  35.7
       D:10 |    1591 |       4 |   0.3 |      13 |       2 |  13.3
       D:11 |    5115 |    3665 |  41.7 |      21 |      14 |  40.0
       D:12 |    6788 |    1425 |  17.4 |      15 |      10 |  40.0
       D:13 |    5099 |    2801 |  35.5 |       9 |       3 |  25.0
       D:14 |   12067 |    6438 |  34.8 |      31 |       9 |  22.5
       D:15 |   13039 |    3873 |  22.9 |      23 |       8 |  25.8
     Lair:1 |    4844 |    3386 |  41.1 |      19 |       7 |  26.9
     Lair:2 |    7845 |    7209 |  47.9 |      35 |      23 |  39.7
     Lair:3 |    6533 |      40 |   0.6 |      28 |       1 |   3.4
     Lair:4 |    3999 |    2895 |  42.0 |       9 |      21 |  70.0
     Lair:5 |   11756 |   10701 |  47.7 |      38 |      36 |  48.6
    Swamp:1 |   10666 |       0 |   0.0 |      32 |       0 |   0.0
    Swamp:2 |    5756 |       0 |   0.0 |      13 |       0 |   0.0
    Swamp:3 |   14627 |    4911 |  25.1 |      33 |       9 |  21.4
    Swamp:4 |    6231 |   19592 |  75.9 |      12 |      37 |  75.5
    Snake:1 |   25368 |    7796 |  23.5 |      51 |      16 |  23.9
    Snake:2 |   12923 |       0 |   0.0 |      32 |       0 |   0.0
    Snake:3 |   19194 |    6134 |  24.2 |      38 |       8 |  17.4
    Snake:4 |   15093 |   22514 |  59.9 |      38 |      44 |  53.7
      Orc:1 |    1201 |     876 |  42.2 |       8 |       1 |  11.1
      Orc:2 |    1516 |    4718 |  75.7 |      16 |      21 |  56.8
      Elf:1 |    3762 |    3592 |  48.8 |       6 |       7 |  53.8
    Ossuary |       0 |     549 | 100.0 |       0 |      23 | 100.0
      IceCv |       0 |   10106 | 100.0 |       0 |      51 | 100.0
            +---------+---------+-------+---------+---------+-------
